 Dungeon Crawl Stone Soup version 0.26-a0-682-g294304f6e8 (webtiles) character file.

Game seed: 12507008314837896771

271324 miscthings the Imperceptible (level 21, -20/141 HPs)
             Began as a Kobold Berserker on Oct 21, 2020.
             Was the Champion of Trog.
             Killed from afar by a frost giant (51 damage)
             ... with a bolt of cold
             ... on level 5 of the Depths on Oct 22, 2020.
             The game lasted 01:37:39 (34824 turns).

miscthings the Imperceptible (Kobold Berserker)    Turns: 34824, Time: 01:37:40

Health: -20/141    AC: 22    Str: 19    XL:     21   Next: 89%
Magic:  21/21      EV: 29    Int: 16    God:    Trog [******]
Gold:   2291       SH:  6    Dex: 15    Spells: 20/20 levels left

rFire    + . .     SeeInvis .   y - +9 quick blade (venom)
rCold    . . .     Faith    .   b - +0 buckler
rNeg     . . .     Spirit   .   Q - +4 scale mail of the Apprentice {rF+ Regen+ Int+3}
rPois    +         Reflect  .   C - +4 helmet of Amydd {rPois Regen+ Int-2 Stlth-}
rElec    .         Harm     .   a - +2 cloak {MR+}
rCorr    .         Rampage  .   P - +0 pair of gloves
MR       ++++.                  l - +2 pair of boots
Stlth    +++++++...             c - amulet of regeneration
HPRegen  2.53/turn              D - +4 ring of protection
MPRegen  0.17/turn              k - +4 ring of evasion

@: corroded, berserk cooldown, regenerating, slowed, very slow
A: small, icy blue scales 1, nightstalker 3, strong 1
a: Berserk, Trog's Hand, Brothers in Arms, Renounce Religion


You were on level 5 of the Depths.
You worshipped Trog.
Trog was exalted by your worship.
You visited 5 branches of the dungeon, and saw 29 of its levels.
You visited 2 bazaars.
You also visited: Sewer and Volcano.

You collected 4136 gold pieces.
You spent 1845 gold pieces at shops.

Inventory:

Hand Weapons
 y - a +9 quick blade of venom (weapon)
 S - a +3 trishula of holy wrath
 T - the +8 demon trident "Rift" {distort, reach+}
   (You found it on level 6 of the Lair of Beasts)

   It warps and distorts space around it.
   Unwielding it can cause banishment or high damage.
Missiles
 B - 3 atropa-tipped darts (quivered)
Armour
 a - a +2 cloak of magic resistance (worn)
 b - a +0 buckler (worn)
 l - a +2 pair of boots (worn)
 C - the +4 helmet of Amydd (worn) {rPois Regen+ Int-2 Stlth-}
   (You found it on level 2 of the Orcish Mines)

   It affects your intelligence (-2).
   It protects you from poison.
   It increases your rate of regeneration.
   It makes you less stealthy.
 P - a +0 pair of gloves (worn)
 Q - the +4 scale mail of the Apprentice (worn) {rF+ Regen+ Int+3}
   (You found it on level 10 of the Dungeon)

   It affects your intelligence (+3).
   It protects you from fire.
   It increases your rate of regeneration.
Jewellery
 c - an amulet of regeneration (around neck)
 k - a +4 ring of evasion (right hand)
 A - an uncursed ring of ice
 D - a +4 ring of protection (left hand)
Wands
 f - a wand of enslavement (13)
 i - a wand of disintegration (9)
 w - a wand of flame (61)
 E - a wand of iceblast (5)
 J - a wand of paralysis (16)
 O - a wand of digging (16)
 V - a wand of acid (4)
Scrolls
 d - 3 scrolls of enchant armour
 n - 6 scrolls of magic mapping
 o - 2 scrolls of fog
 p - 4 scrolls of teleportation
 s - 3 scrolls of holy word
 v - a scroll of vulnerability
 F - 5 scrolls of silence
 H - 4 scrolls of identify {@r1}
 I - 4 scrolls of fear
 K - 6 scrolls of blinking
 R - 2 scrolls of brand weapon
 U - 5 scrolls of immolation
 W - a scroll of remove curse
 Z - a scroll of summoning
Potions
 e - 4 potions of lignification
 g - 4 potions of mutation
 h - 8 potions of brilliance
 j - 8 potions of haste
 m - 6 potions of flight
 r - 6 potions of resistance
 t - 10 potions of heal wounds
 u - 4 potions of might
 z - a potion of ambrosia
 L - 4 potions of curing
 M - 4 potions of magic
 X - 2 potions of invisibility
 Y - 7 potions of stabbing
Miscellaneous
 q - a box of beasts (3/3)
 G - a condenser vane (2/2)
 N - a phantom mirror


   Skills:
 + Level 18.2 Fighting
 - Level 10.5 Short Blades
 * Level 12.7 Polearms
 - Level 6.0 Throwing
 - Level 5.0 Armour
 + Level 19.4 Dodging
 + Level 22.2 Stealth
 - Level 5.6 Shields
 - Level 14.0 Evocations


You had 20 spell levels left.
You didn't know any spells.
Your spell library contained the following spells:

 Spells                   Type           Power        Failure   Level
 Animate Skeleton         Necr           #.....       56%         1
 Apportation              Tloc           #.....       56%         1
 Corona                   Hex            #......      56%         1
 Foxfire                  Conj/Fire      #...         56%         1
 Pain                     Necr           #...         56%         1
 Summon Small Mammal      Summ           #...         56%         1
 Call Imp                 Summ           #.......     71%         2
 Ensorcelled Hibernation  Hex/Ice        #.....       71%         2
 Passwall                 Tmut/Erth      #.......     71%         2
 Searing Ray              Conj           #.....       71%         2
 Swiftness                Air            #.......     71%         2
 Call Canine Familiar     Summ           #.......     91%         3
 Confusing Touch          Hex            #.......     91%         3
 Dazzling Flash           Conj/Hex       #.....       91%         3
 Summon Guardian Golem    Hex/Summ       #.......     91%         3
 Tukima's Dance           Hex            #.......     91%         3
 Vampiric Draining        Necr           #.........   91%         3
 Animate Dead             Necr           #.........   100%        4
 Leda's Liquefaction      Hex/Erth       #.........   100%        4
 Passage of Golubria      Tloc           N/A          100%        4
 Summon Ice Beast         Ice/Summ       #.......     100%        4
 Summon Lightning Spire   Summ/Air       #.......     100%        4
 Agony                    Necr           #.......     100%        5
 Bolt of Magma            Conj/Fire/Erth #.........   100%        5
 Excruciating Wounds      Necr           #.........   100%        5
 Fireball                 Conj/Fire      #.........   100%        5
 Iskenderun's Battlesphe  Conj           #.......     100%        5
 Lee's Rapid Deconstruct  Erth           #.........   100%        5
 Invisibility             Hex            #.......     100%        6
 Iron Shot                Conj/Erth      #.........   100%        6
 Starburst                Conj/Fire      #.........   100%        6
 Statue Form              Tmut/Erth      #........    100%        6
 Orb of Destruction       Conj           #.........   100%        7
 Spellforged Servitor     Conj/Summ      #.........   100%        7
 Shatter                  Erth           #.........   100%        9


Dungeon Overview and Level Annotations

Branches:
Dungeon (15/15)            Temple (1/1) D:6            Lair (6/6) D:9
 Shoals (0/4) Lair:2        Snake (0/4) Lair:4        Slime (0/5) Lair:6
    Orc (2/2) D:9             Elf (0/3) Orc:2        Vaults (0/5) D:13
 Depths (5/5) D:15          Sewer (visited)         Volcano (visited)
    Zot: Depths:5

Altars:
Ashenzari
Cheibriados
Dithmenos
Elyvilon
Fedhas
Gozag
Hepliaklqana
Kikubaaqudgha
Makhleb
Nemelex Xobeh
Okawaru
Qazlal
Ru
Sif Muna
Trog
Uskayaw
Vehumet
Wu Jian
Xom
Yredelemnul
Zin
The Shining One
Beogh
Jiyva

Shops:
D:5 (:}   D:8 ?   Orc:2 }*[*

Portals:
Hell: Lair:6 Depths:1 Depths:2 Depths:3 Depths:4*
Abyss: Depths:2 Depths:4
Pandemonium: Orc:2 Depths:2 Depths:3
Ziggurat: Depths:3

Annotations:
D:5 2 transporters
D:10 3 runed translucent doors
Depths:3 1 runed translucent door


Innate Abilities, Weirdness & Mutations

You are small and have problems with some larger weapons.
You are completely attuned to the shadows.
You are partially covered in icy blue scales. (AC +2)
Your muscles are strong. (Str +2)


Message History

You see here a large rock.
An ice dragon comes into view.
The ice dragon breathes frost at you. The blast of cold misses you.
Your skin crawls.
You feel resistant to hostile enchantments.
Your stone giant rages.
The ice dragon bites you.
* * * LOW HITPOINT WARNING * * *
The ice dragon misses you. You block the ice dragon's attack.
A bone dragon comes into view.
You swap places.
Your stone giant hits the ice dragon!!
The ice dragon breathes frost at you.
The blast of cold hits your stone giant!!
The blast of cold misses you.
A frost giant comes into view.
It is wielding a +2 battleaxe of freezing.
Your stone giant barely misses the ice dragon.
The frost giant points at you and mumbles some strange words.
The bolt of cold hits you!!!
You die...

..###....
..........
......≈≈§.
...†..≈≈..
.....†.(.≈..
.....C.(....
.##..##(....#
...D.DC@..###
.....###.#
##...# ##
#..##
...##..#
.......#..##
...........#
.....≈≈....#
..≈≈≈§≈§..##


You could see a bone dragon, a frost giant, an ice dragon (catching breath) and
a friendly stone giant (summoned, berserk).

Vanquished Creatures
  Mennas (Depths:3)
  A juggernaut (Depths:2)
  2 caustic shrikes (Depths:5)
  A tentacled monstrosity (Depths:3)
  2 liches (Depths:4)
  2 deep elf blademasters (Depths:4)
  3 deep elf master archers (Depths:4)
  Kirke (D:14)
  A sphinx (Depths:3)
  2 tengu reavers
  A shadow dragon (Depths:4)
  A thorn hunter (Lair:4)
  5 frost giants
  3 fire giants
  A caustic shrike zombie (Depths:2)
  A balrug (Depths:2)
  4 orc warlords
  A juggernaut zombie (Depths:2)
  A draconian knight (Depths:4)
  The ghost of Maimakterion the Destroyer, a journeyman OpCj of Gozag (Orc:2)
  A ghoul (D:14)
  A spriggan defender (Depths:4)
  11 stone giants
  4 vampire knights (Depths:3)
  21 very ugly things
  Azrael (Orc:2)
  A red draconian (Volcano)
  2 spark wasps (Depths:4)
  17 ettins
  Snorg (Orc:2)
  A merfolk javelineer (Depths:1)
  3 fire dragons
  Josephine (D:10)
  6 ogre magi
  24 slime creatures
  6 yaktaur captains
  7 great orbs of eyes
  3 rakshasas
  3 boulder beetles
  4 ice dragons
  2 spriggan air magi (Depths:3)
  15 hydras
  A shambling mangrove (Lair:4)
  Erolcha (D:12)
  7 centaur warriors
  2 death knights
  3 catoblepae
  16 two-headed ogres
  6 deep troll shamans
  A deep troll earth mage (Depths:3)
  3 vampire magi
  10 tengu warriors
  Urug (D:13)
  4 hell knights (Depths:2)
  8 orc high priests
  18 death yaks
  A spriggan berserker (Depths:4)
  2 sun demons (Depths:2)
  6 iron trolls
  A salamander mystic (Depths:5)
  A titan skeleton (Depths:2)
  2 skeletal warriors (D:14)
  2 unseen horrors
  7 deep trolls
  2 wizards
  2 glowing orange brains
  3 torturous demonspawn (Orc:2)
  2 flayed ghosts
  5 phantasmal warriors
  A mana viper (Volcano)
  An obsidian statue (D:10)
  35 ugly things
  4 necromancers
  2 deep elf magi
  2 wolf spider zombies (D:14)
  An iron dragon zombie (Depths:2)
  7 orc sorcerers (Orc:2)
  14 orc knights
  2 oklob plants (Lair:4)
  A stone giant zombie (Depths:2)
  3 manticores (D:12)
  A sphinx skeleton (Depths:2)
  3 salamanders (Depths:5)
  4 cyclopes
  7 elephants
  A merfolk siren (Lair:2)
  Maurice (D:11)
  Psyche (D:12)
  2 smoke demons
  9 centaur zombies
  6 black mambas
  An orange demon (Lair:6)
  A gargoyle (D:10)
  2 torpor snails
  9 rime drakes
  19 cane toads
  A freezing wraith (D:14)
  4 ice devils
  9 komodo dragons
  25 yaktaurs
  A guardian mummy (D:14)
  An efreet (D:15)
  2 red devils
  5 tengu conjurers
  2 harpy zombies
  4 trolls
  A spriggan skeleton (Depths:2)
  9 hornets
  A shadow dragon simulacrum (Depths:2)
  A dream sheep (Lair:6)
  36 blink frogs
  2 meliai zombies (D:14)
  4 water elementals
  2 shadows (D:12)
  2 vampires
  5 spriggans (Depths:4)
  56 yaks
  Grum (D:8)
  4 wyverns
  3 fire elementals (Orc:2)
  7 wraiths
  2 hogs (D:14)
  A neqoxec (Orc:2)
  6 basilisks
  4 vampire mosquitoes (D:15)
  3 wargs
  2 hell hounds
  23 water moccasins
  A soldier ant (D:15)
  A floating eye (Depths:3)
  45 orc warriors
  A black bear (shapeshifter) (Depths:3)
  A hornet zombie (D:14)
  An ice beast (D:12)
  3 black bears
  3 sky beasts
  18 ogres
  4 boggarts (D:14)
  2 eyes of draining
  29 wolves
  21 centaurs
  3 big kobolds
  18 bullfrogs
  A wyvern zombie (D:14)
  A wyvern skeleton (D:13)
  6 scorpions
  14 wights
  An electric eel (Lair:4)
  3 howler monkeys (D:11)
  2 crimson imps (Depths:3)
  A quasit (D:7)
  6 centaur skeletons
  11 hounds
  29 orc priests
  Crazy Yiuf (D:6)
  29 orc wizards
  A gnoll shaman (D:4)
  4 jellies
  3 bullfrog skeletons
  Jessica (D:2)
  2 iguanas
  Terence (D:3)
  14 worker ants
  10 hell rats
  2 hound zombies (D:7)
  3 mummies (D:14)
  2 worker ant zombies
  15 gnolls
  24 adders
  4 river rats (Sewer)
  2 shadow imps (D:7)
  2 white imps (D:5)
  An adder zombie (D:8)
  An adder skeleton (D:4)
  4 worms
  2 dart slugs
  4 leopard geckos
  86 orcs
  6 giant cockroaches
  4 goblins
  9 hobgoblins
  8 jackals
  9 quokkas
  4 ball pythons (Sewer)
  16 bats
  12 frilled lizards
  15 kobolds
  A quokka skeleton (D:4)
  8 rats
1192 creatures vanquished.

Vanquished Creatures (collateral kills)
  An ancient lich (Depths:3)
  The ghost of Orurynibown the Fencer, a veteran BaIE of Cheibriados (Depths:3)
  A caustic shrike (Depths:5)
  A fire giant (Depths:4)
  An orc warlord (Depths:1)
  A stone giant (Depths:1)
  A spriggan air mage (Depths:4)
  An ice dragon (Depths:5)
  5 death yaks
  A tengu warrior (Depths:2)
  A deep troll shaman (Depths:4)
  2 deep trolls
  A sixfirhy (Lair:6)
  An orc knight (Depths:4)
  An orange demon (Lair:6)
  A komodo dragon (Lair:4)
  A troll (Orc:2)
  A water moccasin (Lair:4)
  2 hell hounds (Lair:6)
  An orc warrior (Orc:2)
  A centaur (Depths:1)
  An ogre (Depths:1)
  An orc wizard (Orc:2)
  2 orcs (Orc:2)
31 creatures vanquished.

Vanquished Creatures (others)
  A frost giant (Depths:3)
  An orc warlord (Depths:4)
  A deep elf death mage (Depths:3)
  An ettin (Depths:2)
  A deep elf high priest (Depths:3)
  2 flayed ghosts (Depths:3)
  3 orc priests (Orc:2)
  An orc wizard (Orc:2)
  2 orcs (Orc:2)
  29 fungi
  76 plants
118 creatures vanquished.

Grand Total: 1341 creatures vanquished

Notes
Turn   | Place    | Note
-------+----------+-------------------------------------------
     0 | D:1      | miscthings the Kobold Berserker began the quest for the
                  | Orb.
     0 | D:1      | Reached XP level 1. HP: 14/14 MP: 1/1
   274 | D:1      | Reached XP level 2. HP: 19/19 MP: 2/2
   445 | D:1      | Reached skill level 5 in Short Blades
   835 | D:2      | Noticed Jessica
   842 | D:2      | Killed Jessica
   842 | D:2      | Reached XP level 3. HP: 21/23 MP: 3/3
   895 | D:2      | Found a white marble altar of Elyvilon.
  1001 | D:2      | Reached XP level 4. HP: 28/28 MP: 4/4
  1310 | D:2      | Found a faded altar of an unknown god.
  1801 | D:3      | Noticed Terence
  1807 | D:3      | Killed Terence
  1841 | D:3      | Reached ** piety under Trog
  1869 | D:3      | Found a sparkling altar of Nemelex Xobeh.
  1919 | D:3      | Reached XP level 5. HP: 32/32 MP: 5/5
  2287 | D:3      | Gained mutation: Your muscles are strong. (Str +2) [potion
                  | of mutation]
  2287 | D:3      | Gained mutation: You are partially covered in icy blue
                  | scales. (AC +2) [potion of mutation]
  2299 | D:3      | Reached XP level 6. HP: 7/37 MP: 6/6
  2941 | D:4      | Found a glowing silver altar of Zin.
  2978 | D:4      | Found a glowing drain.
  2984 | Sewer    | Entered a sewer
  3138 | Sewer    | Reached XP level 7. HP: 41/41 MP: 7/7
  3150 | Sewer    | Reached *** piety under Trog
  3438 | D:4      | Reached skill level 10 in Short Blades
  4191 | D:5      | Entered Level 5 of the Dungeon
  4197 | D:5      | Found Moygar's Gadget Emporium.
  4200 | D:5      | Bought a box of beasts (3/3) for 200 gold pieces
  4211 | D:5      | Found Xeppun's Book Boutique.
  4261 | D:5      | Found a basalt altar of Yredelemnul.
  4314 | D:5      | Found a radiant altar of Vehumet.
  4338 | D:5      | Got a dazzling ring mail
  4349 | D:5      | Identified the +3 ring mail "Ogeum" {rC+ Str+4} (You found
                  | it on level 5 of the Dungeon)
  4500 | D:5      | Found a shimmering blue altar of Sif Muna.
  4582 | D:5      | Found a transporter.
  4584 | D:5      | Noticed a water moccasin
  4611 | D:5      | Found a transporter.
  4668 | D:5      | Reached skill level 1 in Stealth
  4684 | D:5      | Reached skill level 1 in Evocations
  4690 | D:5      | Reached skill level 1 in Throwing
  4759 | D:5      | Found Raluekh's Weapon Emporium.
  4764 | D:5      | Bought 3 atropa-tipped darts for 25 gold pieces
  4852 | D:5      | Found a hazy altar of Hepliaklqana.
  4902 | D:5      | Reached XP level 8. HP: 34/48 MP: 8/8
  4906 | D:5      | Found a sacrificial altar of Ru.
  4959 | D:5      | Reached skill level 2 in Stealth
  4960 | D:5      | Found a snail-covered altar of Cheibriados.
  5012 | D:5      | Found a broken altar of Ashenzari.
  5203 | D:6      | Reached **** piety under Trog
  5442 | D:6      | Found a staircase to the Ecumenical Temple.
  5472 | Temple   | Entered the Ecumenical Temple
  5646 | D:6      | Reached skill level 3 in Stealth
  5675 | D:6      | Found a runed translucent door.
  5678 | D:6      | Noticed Crazy Yiuf
  5875 | D:6      | Killed Crazy Yiuf
  6072 | D:7      | Noticed a hornet
  6072 | D:7      | Noticed a death knight
  6074 | D:7      | Paralysed by a hornet for 1 turns
  6330 | D:7      | Noticed a troll
  6341 | D:7      | Killed a troll
  6341 | D:7      | Reached skill level 4 in Stealth
  6341 | D:7      | Reached XP level 9. HP: 53/53 MP: 9/9
  6374 | D:7      | Found the +8 mithril axe "Arga" {speed, MR+}
  6393 | D:7      | Identified the Incunabulum of the Twelve Beggars
  6400 | D:7      | Reached skill level 5 in Fighting
  6414 | D:7      | Killed a hornet
  6414 | D:7      | Reached skill level 5 in Dodging
  6414 | D:7      | Reached skill level 5 in Stealth
  6834 | D:7      | Reached skill level 6 in Stealth
  7095 | D:7      | Found a bloodstained altar of Trog.
  7168 | D:8      | Noticed Grum
  7178 | D:8      | Reached skill level 5 in Evocations
  7193 | D:8      | Killed Grum
  7193 | D:8      | Reached skill level 5 in Throwing
  7193 | D:8      | Reached XP level 10. HP: 60/60 MP: 10/10
  7273 | D:8      | Found Uwnan's Magic Scroll Shoppe.
  7280 | D:8      | Bought a scroll of blinking for 90 gold pieces
  7280 | D:8      | Bought a scroll of fear for 42 gold pieces
  7324 | D:8      | Noticed a two-headed ogre
  7337 | D:8      | Killed a two-headed ogre
  7337 | D:8      | Reached skill level 7 in Stealth
  7924 | D:9      | Found a glowing golden altar of the Shining One.
  7996 | D:9      | Found a shimmering blue altar of Sif Muna.
  8029 | D:9      | Found a stormy altar of Qazlal.
  8076 | D:9      | Noticed a death yak
  8077 | D:9      | Noticed a death yak
  8077 | D:9      | Noticed a death yak
  8081 | D:9      | Noticed a death yak
  8082 | D:9      | Found a staircase to the Lair.
  8082 | D:9      | Noticed a death yak
  8100 | D:9      | Killed a death yak
  8100 | D:9      | Reached ***** piety under Trog
  8100 | D:9      | Reached skill level 8 in Stealth
  8304 | D:9      | Found an iron altar of Okawaru.
  8432 | D:9      | Got an encrusted mace
  8433 | D:9      | Identified the +6 mace of Jeum {vamp, +Inv MR+ Int+4} (You
                  | found it on level 9 of the Dungeon)
  8516 | D:9      | Found a roughly hewn altar of Beogh.
  8522 | D:9      | Reached XP level 11. HP: 67/67 MP: 11/11
  8541 | D:9      | Reached skill level 9 in Stealth
  8667 | D:9      | Found a staircase to the Orcish Mines.
  8716 | D:8      | Killed a death yak
  8956 | D:9      | Killed a death yak
  8962 | D:9      | Killed a death yak
  8964 | D:9      | Killed a death yak
  8964 | D:9      | Reached skill level 10 in Stealth
  9020 | D:10     | Entered Level 10 of the Dungeon
  9202 | D:10     | Noticed Josephine
  9218 | D:10     | Killed Josephine
  9250 | D:10     | Found a runed translucent door.
  9302 | D:10     | Found a runed translucent door.
  9316 | D:10     | Found a runed translucent door.
  9448 | D:10     | Found a runed translucent door.
  9508 | D:10     | Noticed a two-headed ogre
  9512 | D:10     | Killed a two-headed ogre
  9512 | D:10     | Received a gift from Trog
  9813 | D:10     | Reached skill level 11 in Stealth
  9837 | D:10     | Reached XP level 12. HP: 76/76 MP: 12/12
 10330 | D:10     | Got a distressingly furry scale mail
 10342 | D:10     | Identified the +4 scale mail of the Apprentice {rF+ Regen+
                  | Int+3} (You found it on level 10 of the Dungeon)
 10502 | D:11     | Got a slimy scale mail
 10513 | D:11     | Identified the cursed +0 scale mail of Negation {*Drain
                  | +Inv MR+ Int+2} (You found it on level 11 of the Dungeon)
 10624 | D:11     | Noticed Maurice
 10628 | D:11     | Killed Maurice
 10628 | D:11     | Reached skill level 10 in Dodging
 10657 | D:11     | Noticed a five-headed hydra
 10668 | D:11     | Killed a five-headed hydra
 10678 | D:11     | Noticed a boulder beetle
 10820 | D:11     | Killed an unseen horror
 10916 | D:11     | Killed a boulder beetle
 10916 | D:11     | Reached skill level 10 in Evocations
 11026 | D:11     | Reached skill level 10 in Fighting
 11026 | D:11     | Reached skill level 12 in Stealth
 11583 | D:11     | Got a jewelled flail
 11585 | D:11     | Identified the +8 flail "Eceataank" {vorpal, rF+ rC+ Str+2
                  | Dex+3} (You found it on level 11 of the Dungeon)
 11690 | D:12     | Noticed Psyche
 11693 | D:12     | Killed Psyche
 11764 | D:12     | Noticed a two-headed ogre
 11775 | D:12     | Killed a two-headed ogre
 11785 | D:12     | Reached XP level 13. HP: 83/83 MP: 13/13
 11837 | D:12     | Reached ****** piety under Trog
 11947 | D:12     | Noticed Erolcha
 11947 | D:12     | Noticed Nessos
 11950 | D:12     | Killed Erolcha
 11955 | D:12     | Noticed Nessos
 11955 | D:12     | Nessos changed into Nessos the yaktaur
 11970 | D:12     | Killed Nessos the yaktaur
 11993 | D:12     | Reached skill level 13 in Stealth
 12025 | D:12     | Found a flickering gateway to a bazaar.
 12046 | Bazaar   | Entered a bazaar
 12049 | Bazaar   | Found Totydghe's Jewellery Shoppe.
 12049 | Bazaar   | Found Pemehor's Magic Scroll Emporium.
 12049 | Bazaar   | Found Zaheum's Antique Weapon Emporium.
 12059 | Bazaar   | Found Biejeg's Assorted Antiques.
 12061 | Bazaar   | Found Ajugynt's General Store.
 12066 | Bazaar   | Bought a +0 helmet of see invisible for 218 gold pieces
 12092 | Bazaar   | Bought a scroll of blinking for 90 gold pieces
 12092 | Bazaar   | Bought a scroll of silence for 90 gold pieces
 12092 | Bazaar   | Bought a scroll of immolation for 42 gold pieces
 12299 | D:12     | Received a gift from Trog
 12565 | D:12     | Found a shimmering altar of Xom.
 12909 | Lair:1   | Entered Level 1 of the Lair of Beasts
 13020 | Lair:1   | Noticed an eight-headed hydra
 13024 | Lair:1   | Killed an eight-headed hydra
 13408 | Lair:1   | Noticed an eight-headed hydra
 13412 | Lair:1   | Killed an eight-headed hydra
 13417 | Lair:1   | Found a dark tunnel.
 13423 | Volcano  | Entered a volcano
 13442 | Volcano  | Noticed a centaur warrior
 13446 | Volcano  | a centaur warrior changed into a mana viper
 13489 | Volcano  | Found a bloodstained altar of Trog.
 13489 | Volcano  | Noticed a red draconian
 13524 | Volcano  | Killed a red draconian
 13694 | Lair:1   | Noticed a five-headed hydra
 13704 | Lair:1   | Noticed a seven-headed hydra
 13711 | Lair:1   | Killed a five-headed hydra
 13721 | Lair:1   | Killed a seven-headed hydra
 13721 | Lair:1   | Reached skill level 14 in Stealth
 13721 | Lair:1   | Reached XP level 14. HP: 90/90 MP: 14/14
 14391 | Lair:2   | Received a gift from Trog
 14391 | Lair:2   | Reached skill level 1 in Shields
 14939 | Lair:2   | Found a staircase to the Shoals.
 14973 | Lair:2   | Reached skill level 5 in Armour
 16488 | Lair:3   | Got a ripped robe
 16500 | Lair:3   | Identified the cursed +1 robe "Iffeh" {Int+10} (You found
                  | it on level 3 of the Lair of Beasts)
 16611 | Lair:4   | Received a gift from Trog
 16780 | Lair:4   | Found a staircase to the Snake Pit.
 16791 | Lair:4   | Reached XP level 15. HP: 97/97 MP: 15/15
 16808 | Lair:4   | Reached skill level 15 in Stealth
 17174 | Lair:4   | Reached skill level 5 in Shields
 17917 | Lair:4   | Noticed a thorn hunter
 17917 | Lair:4   | an oklob plant changed into a thorn hunter
 17933 | Lair:4   | Killed a thorn hunter
 18820 | Lair:6   | Entered Level 6 of the Lair of Beasts
 18820 | Lair:6   | Found the +2 Maxwell's thermic engine {flame, freeze}
 18903 | Lair:6   | Received a gift from Trog
 19334 | Lair:6   | Reached skill level 16 in Stealth
 19543 | Lair:6   | Reached XP level 16. HP: 104/104 MP: 16/16
 19602 | Lair:6   | Found a burning altar of Makhleb.
 19648 | Lair:6   | Found a gateway to Hell.
 19649 | Lair:6   | Found the +8 demon trident "Rift" {distort, reach+}
 19841 | Lair:6   | Found a staircase to the Slime Pits.
 19841 | Lair:6   | Found a viscous altar of Jiyva.
 20336 | Orc:1    | Entered Level 1 of the Orcish Mines
 20461 | Orc:1    | Received a gift from Trog
 20561 | Orc:1    | You fall into a shaft and drop 1 floor!
 20561 | Orc:2    | Entered Level 2 of the Orcish Mines
 20800 | Orc:2    | Found a staircase to the Elven Halls.
 20912 | Orc:2    | Noticed Azrael
 21004 | Orc:2    | Noticed Maimakterion's ghost (journeyman OpCj)
 21006 | Orc:2    | Found a transporter.
 21526 | Orc:2    | Found a transporter.
 21598 | Orc:2    | Found a gateway to a bazaar.
 21604 | Bazaar   | Entered a bazaar
 21619 | Bazaar   | Found Wyubrof's Armour Shoppe.
 21634 | Bazaar   | Found Tynnuen's Assorted Antiques.
 21634 | Bazaar   | Found Aruaw's Gadget Shoppe.
 21655 | Bazaar   | Found Tyhylieh's Gadget Shoppe.
 21670 | Bazaar   | Found Sacabry's Distillery.
 21699 | Bazaar   | Bought a potion of heal wounds for 70 gold pieces
 21699 | Bazaar   | Bought a potion of mutation for 112 gold pieces
 21713 | Bazaar   | Bought a condenser vane (2/2) for 180 gold pieces
 21731 | Bazaar   | Bought a potion of heal wounds for 70 gold pieces
 21731 | Bazaar   | Bought a potion of magic for 112 gold pieces
 21731 | Bazaar   | Bought a potion of magic for 112 gold pieces
 21731 | Bazaar   | Bought a potion of stabbing for 56 gold pieces
 21835 | Orc:2    | Found Joewakum's General Store.
 21843 | Orc:2    | Found Kotankemp's General Store.
 21847 | Orc:2    | Bought a scroll of vulnerability for 82 gold pieces
 21849 | Orc:2    | Bought a scroll of blinking for 112 gold pieces
 21981 | Orc:2    | Reached skill level 17 in Stealth
 22116 | Orc:2    | Reached skill level 15 in Dodging
 22152 | Orc:2    | Received a gift from Trog
 22273 | Orc:2    | Noticed Snorg
 22288 | Orc:2    | Killed Snorg
 22412 | Orc:2    | Killed Azrael
 22833 | Orc:2    | Found Xaul's Gadget Emporium.
 22833 | Orc:2    | Found Ucvouminn's Antique Armour Shoppe.
 22833 | Orc:2    | Found a one-way gate leading to the halls of Pandemonium.
 22886 | Orc:2    | Bought a pair of embroidered boots for 142 gold pieces
 22966 | Orc:2    | Killed Maimakterion's ghost
 22989 | Orc:2    | Got a shimmering helmet
 23010 | Orc:2    | Identified the +4 helmet of Amydd {rPois Regen+ Int-2
                  | Stlth-} (You found it on level 2 of the Orcish Mines)
 23302 | D:13     | Found a gate to the Vaults.
 23480 | D:13     | Reached skill level 1 in Polearms
 23488 | D:13     | Noticed Urug
 23490 | D:13     | Killed Urug
 23576 | D:13     | Reached XP level 17. HP: 112/112 MP: 17/17
 23590 | D:13     | Received a gift from Trog
 23811 | D:13     | Reached skill level 18 in Stealth
 24190 | D:14     | Found a burning altar of Makhleb.
 24217 | D:14     | Found an ornate altar of the Wu Jian Council.
 24516 | D:14     | Found an iron altar of Okawaru.
 24574 | D:14     | Noticed Kirke
 24605 | D:14     | Killed Kirke
 24672 | D:14     | Reached skill level 15 in Fighting
 24930 | D:14     | Received a gift from Trog
 25174 | D:15     | Entered Level 15 of the Dungeon
 25625 | D:15     | Found a staircase to the Depths.
 25731 | D:15     | Found a blossoming altar of Fedhas.
 26256 | Depths:1 | Entered Level 1 of the Depths
 26535 | Depths:1 | Reached skill level 19 in Stealth
 26720 | Depths:1 | Reached skill level 5 in Polearms
 26748 | Depths:1 | Reached XP level 18. HP: 58/119 MP: 18/18
 26841 | Depths:1 | Received a gift from Trog
 28347 | Depths:2 | Received a gift from Trog
 28611 | Depths:2 | Reached XP level 19. HP: 117/125 MP: 19/19
 28682 | Depths:2 | Reached skill level 20 in Stealth
 29846 | Depths:2 | Received a gift from Trog
 30186 | Depths:2 | Found a one-way gate to the infinite horrors of the Abyss.
 30428 | Depths:2 | Paralysed by a great orb of eyes for 7 turns
 30445 | Depths:2 | Paralysed by a great orb of eyes for 3 turns
 30479 | Depths:2 | Noticed a juggernaut
 30511 | Depths:2 | Killed a juggernaut
 30511 | Depths:2 | Reached skill level 10 in Polearms
 30527 | Depths:2 | Reached XP level 20. HP: 91/134 MP: 20/20
 30574 | Depths:2 | Found the +5 demon whip "Spellbinder" {antimagic, MR+}
 30609 | Depths:2 | Identified the +2 chain mail "Cyloqoog" {Str+3 Dex+7} (You
                  | found it on level 2 of the Depths)
 30613 | Depths:2 | Got a coiled tin ring
 30614 | Depths:2 | Identified the ring "Jedwueje" {+Blink rPois MR+ Str+3}
                  | (You found it on level 2 of the Depths)
 30705 | Depths:3 | Found a broken altar of Ashenzari.
 31059 | Depths:3 | Found a runed translucent door.
 31069 | Depths:3 | Noticed a tentacled monstrosity
 31081 | Depths:3 | Noticed Orurynibown's ghost (veteran BaIE)
 31097 | Depths:3 | Killed a tentacled monstrosity
 31105 | Depths:3 | Noticed an ancient lich
 31235 | Depths:3 | Reached skill level 21 in Stealth
 31236 | Depths:3 | Found a gateway to a ziggurat.
 31296 | Depths:3 | Received a gift from Trog
 31558 | Depths:3 | Noticed Mennas
 31658 | Depths:3 | Killed Mennas
 32061 | Depths:3 | Identified the cursed +2 broad axe of Qazlal {vamp, rC-
                  | Str+4 SInv}
 32087 | Depths:3 | Found a runed translucent door.
 32570 | Depths:3 | Killed Orurynibown's ghost
 32584 | Depths:3 | Killed an ancient lich
 32584 | Depths:3 | Reached XP level 21. HP: 140/140 MP: 21/21
 32762 | Depths:4 | Found a sparkling altar of Nemelex Xobeh.
 32994 | Depths:4 | Noticed a lich
 32996 | Depths:4 | Killed a lich
 33327 | Depths:4 | Received a gift from Trog
 33889 | Depths:4 | Reached skill level 22 in Stealth
 34141 | Depths:4 | Identified the cursed +1 executioner's axe "Axarch"
                  | {protect, +Inv Dex-5 SInv Stlth-}
 34265 | Depths:4 | Found an iron altar of Okawaru.
 34628 | Depths:4 | Identified the cursed +0 plate armour "Dashap" {rF+ Regen+
                  | SInv} (You found it on level 4 of the Depths)
 34672 | Depths:5 | Entered Level 5 of the Depths
 34752 | Depths:5 | Noticed a caustic shrike
 34756 | Depths:5 | Noticed a caustic shrike
 34768 | Depths:5 | Killed a caustic shrike
 34769 | Depths:5 | Noticed a caustic shrike
 34780 | Depths:5 | Killed a caustic shrike
 34789 | Depths:5 | HP: 10/211 [ice dragon/blast of cold (15)]
 34790 | Depths:5 | Killed a caustic shrike
 34823 | Depths:5 | Noticed a bone dragon
 34824 | Depths:5 | Killed from afar by a frost giant

Illustrated notes

Levels and vault maps discovered:
D:1:      dpeg_arrival_shelter, layout_basic, chequers_serial_rivers_room_a,
          grunt_decor_one_mirror
D:2:      layout_rooms, elyvilon_altar_5, chequers_ecumenical_altar_island,
          uniq_jessica
D:3:      minmay_chambers_of_threes, layout_rooms, lemuel_round_altar,
          uniq_terence
D:4:      layout_loops_ring, nicolae_overflow_crystal_walls,
          portal_sewer_entry_d
D:5:      layout_rooms, hangedman_ru_absence, lemuel_coloured_pillars_altar,
          gammafunk_temple_overflow_arena, minitemple, vehumet_altar_wand_db,
          nicolae_overflow_hidden_temple, serial_shops, kennysheep_mini_moat,
          nicolae_shop_trees, shop, chequers_avenue
D:6:      layout_cave_pools, minmay_temple_entry_drinking_statues,
          uniq_crazy_yiuf_cottage
D:7:      minmay_the_grid_square_5x5_3x3
          [minmay_the_grid_square_5x5_broken_cross,
          minmay_the_grid_square_5x5_hollow_slash,
          minmay_the_grid_square_5x5_checkered,
          minmay_the_grid_square_5x5_intrusive_squares,
          minmay_the_grid_square_5x5_megaprize_diamond,
          minmay_the_grid_square_5x5_inner_v, minmay_the_grid_square_5x5_lines,
          minmay_the_grid_square_5x5_two_walls_b,
          minmay_the_grid_square_5x5_bracketed], layout_basic,
          lightli_temple_of_fire
D:8:      layout_basic, serial_shops, shop, uniq_grum
D:9:      layout_basic, lemuel_doored_altar, nicolae_qazlal_general_emergency,
          dpeg_lair_monsters, david_orc_5, basic_altar, led_sif_pool
D:10:     layout_basic, glass_columns_b, minmay_statue_crystal_thing,
          uniq_josephine
D:11:     layout_basic, serial_corexii_hall, chequers_hall_statues_corner_a,
          chequers_hall_statues_wall_a, uniq_maurice
D:12:     layout_gridville, serial_shops, bzr_entry_gold, tgw_xom, uniq_erolcha,
          uniq_psyche, uniq_nessos
D:13:     layout_loops_cross, david_vaults_2, uniq_urug
D:14:     layout_irregular_city, serial_undead, serial_undead_e,
          serial_undead_f, serial_undead_d, serial_undead_b, serial_undead_a,
          okawaru_ov_weapons_minmay, kennysheep_flooded_box,
          lemuel_altar_in_water, uniq_kirke
D:15:     grunt_enter_depths_snipers, layout_irregular_city, fedhas_altar_3
Temple:   compressed_dpeg_triangle_lava_temple
Lair:1:   layout_cave_pods, nicolae_volcano_entry_s_turn, beast_lair_carwin_1,
          grunt_megastairs_3, serial_bayou_shore_b, lemuel_fruit_tree,
          infiniplex_staircase_pool
Lair:2:   minmay_lair_venomous_thicket, layout_big_grid,
          minmay_shoals_entry_lonely_mermaid
Lair:3:   layout_hall_layers, nicolae_lair_grove_arrangements
Lair:4:   layout_regular_city, minmay_snake_entry_six_corridors,
          minmay_lair_oklob_chamber, serial_bayou_shore_b, serial_bayou_shore_a,
          grunt_megastairs_5, serial_bayou_shore_b
Lair:5:   layout_loops_ring, roderic_batcave, grunt_megastairs_4
Lair:6:   evil_forest, layout_cave_pods, slime_altar_1, grunt_megastairs_2
Orc:1:    layout_diamond_mine, lemuel_statue_altar
Orc:2:    pf_orc_diabolical, layout_diamond_mine, serial_shops, freezing_bzr,
          gammafunk_ghost_arena, uniq_snorg, uniq_azrael
Depths:1: layout_gridville, serial_sigils_hangedman_quiver, hell_entry,
          minmay_orc_keep, serial_bayou_shore_b
Depths:2: giant_chief_lemuel, layout_cave_pools, lightli_too_deep,
          infiniplex_staircase_pillars_2, pan_entry,
          abyss_entry_small_statue_room
Depths:3: minmay_box_of_statues, layout_cave_shapes, enter_ziggurat_a,
          pan_entry, nicolae_ashenzari_panopticon, muffindrake_ghost_dual_entry,
          pf_dread_powers_of_hell, kennysheep_generic_room_15,
          minmay_staircase_bubble, uniq_mennas
Depths:4: evilmike_iron_armoury, layout_cave_shapes, serial_column_ruins,
          column_ruins_portal_astroid, column_ruins_hut,
          column_ruins_open_large, column_ruins_corridor_straight,
          column_ruins_open_small, column_ruins_grid_1, column_ruins_grid_4,
          abyss_entry, grunt_hell_entry_dis_mu,
          nemelex_xobeh_ov_fountains_minmay, serial_bayou_shore_b,
          infiniplex_staircase_zigzag_5, serial_bayou_shore_b,
          serial_bayou_shore_b
Depths:5: evilmike_zot_entry_diamond, layout_cave_pools, hell_entry,
          abyss_entry, hangedman_glass_teeth, serial_bayou_shore_b

Skill      XL: |  1  2  3  4  5  6  7  8  9 10 11 12 13 14 15 16 17 18 19 20 21 |
---------------+----------------------------------------------------------------+-----
Short Blades   | 6 7 8 9 10 | 10.5
Stealth        | 1 4 6 8 11 12 14 16 17 19 20 21 22 | 22.2
Evocations     | 1 3 5 7 9 10 12 13 14 | 14.0
Throwing       | 1 3 5 6 |  6.0
Dodging        | 4 6 7 9 11 12 13 14 15 16 17 18 19 | 19.4
Fighting       | 4 6 7 9 10 11 12 13 14 15 16 17 18 | 18.2
Armour         | 2 4 5 |  5.0
Shields        | 4 5 |  5.6
Polearms       | 1 5 8 10 11 12 | 12.7

Action                   |  1- 3 |  4- 6 |  7- 9 | 10-12 | 13-15 | 16-18 | 19-21 || total
-------------------------+-------+-------+-------+-------+-------+-------+-------++-------
Melee: Short sword       |    52 |   221 |   176 |       |       |       |       ||   449
       Dagger            |       |       |   186 |   262 |       |       |       ||   448
       Quick blade       |       |       |       |   271 |  1280 |  2034 |  2273 ||  5858
       Unarmed           |       |       |       |       |       |     7 |       ||     7
Throw: Dart              |       |       |     1 |     5 |       |       |     1 ||     7
Invok: Berserk           |     2 |     6 |    15 |    14 |    20 |    33 |    25 ||   115
       Brothers in Arms  |       |       |       |       |       |       |     4 ||     4
       Trog's Hand       |       |       |       |       |       |       |     1 ||     1
Evoke: Wand              |       |       |       |     5 |    12 |    12 |    14 ||    43
       Box of beasts     |       |       |       |     1 |     1 |     4 |     7 ||    13
       Condenser vane    |       |       |       |       |       |     1 |       ||     1
       Phantom mirror    |       |       |       |       |       |       |     1 ||     1
  Use: Potion            |       |     2 |     2 |       |       |       |     2 ||     6
       Scroll            |       |     7 |     8 |    11 |    10 |     5 |    10 ||    51
 Stab: Sleeping          |     7 |    13 |    10 |    28 |    76 |    64 |    25 ||   223
       Distracted        |       |     1 |     2 |     2 |     2 |     8 |     6 ||    21
       Paralysed         |       |       |       |       |     5 |     1 |     1 ||     7
       Petrified         |       |       |       |       |       |       |     4 ||     4
Armor: Animal skin       |     7 |    17 |     7 |       |       |       |       ||    31
       Skin              |       |    13 |       |       |       |       |       ||    13
       Ring mail         |       |       |    41 |    51 |       |       |       ||    92
       Scale mail        |       |       |       |    30 |    84 |   204 |   257 ||   575
Dodge: Dodged            |    31 |   116 |   179 |   254 |   460 |   737 |   770 ||  2547
Block: Buckler           |       |       |       |       |   103 |   252 |   219 ||   574

Table legend: (Time is in decaauts)
 A = Elapsed time spent in this place.
 B = Non-inter-level travel time spent in this place.
 C = Inter-level travel time spent in this place.
 D = Time resting spent in this place.
 E = Time spent auto-exploring this place.
 F = Levels seen in this place.
 G = Mean time per level.
                   A        B        C        D        E       F      G
               +--------+--------+--------+--------+--------+-----+--------+
         Total |  31396 |  29830 |   1566 |   3937 |  18077 |  33 |  951.4 |
       Dungeon |  15097 |  14357 |    740 |   2463 |   8744 |  15 | 1006.5 |
        Temple |    129 |    117 |     12 |      0 |    112 |   1 |  129.0 |
          Lair |   6557 |   6202 |    355 |    367 |   4302 |   6 | 1092.8 |
  Orcish Mines |   2179 |   2072 |    107 |    340 |   1017 |   2 | 1089.5 |
        Depths |   6677 |   6327 |    350 |    760 |   3534 |   5 | 1335.4 |
        Bazaar |    197 |    197 |      0 |      0 |    105 |   2 |   98.5 |
         Sewer |    368 |    368 |      0 |      0 |    223 |   1 |  368.0 |
       Volcano |    189 |    189 |      0 |      4 |     38 |   1 |  189.0 |
               +--------+--------+--------+--------+--------+-----+--------+

Top non-repeatable levels by time:
Depths:4: 1758 daAuts
Depths:2: 1714 daAuts
Depths:1: 1653 daAuts
   Orc:2: 1599 daAuts
Depths:3: 1487 daAuts
  Lair:4: 1403 daAuts
    D:10: 1321 daAuts
     D:3: 1236 daAuts
  Lair:6: 1201 daAuts
     D:9: 1195 daAuts
     D:4: 1189 daAuts
    D:11: 1163 daAuts
  Lair:1: 1142 daAuts
    D:12: 1117 daAuts
  Lair:3: 1108 daAuts
